 Dungeon Crawl Stone Soup version 0.22-a0-769-g178e55541d (webtiles) character file.

329 Faustar the Conjurer (level 6, -7/45 HPs)
             Began as a Draconian Conjurer on July 17, 2018.
             Mangled by Prince Ribbit (12 damage)
             ... on level 4 of the Dungeon.
             The game lasted 00:12:25 (5722 turns).

Faustar the Conjurer (Draconian Conjurer)           Turns: 5722, Time: 00:12:25

Health: -7/45      AC:  6    Str: 11    XL:     6   Next: 25%
Magic:  5/12       EV: 12    Int: 20    God:
Gold:   178        SH:  0    Dex: 11    Spells: 6/13 levels left

rFire    . . .     SeeInvis .   (no weapon)
rCold    . . .     Gourm    .   (no shield)
rNeg     . . .     Faith    .   (armour unavailable)
rPois    .         Spirit   .   (helmet restricted)
rElec    .         Reflect  .   (no cloak)
rCorr    .         Harm     .   (no gloves)
MR       .....                  (no boots)
Stlth    ++........             (no amulet)
HPRegen  0.15/turn              g - +3 ring of intelligence
MPRegen  0.13/turn              (no ring)

@: no status effects
A: unfitting armour, cold-blooded, AC +6
a: no special abilities


You were on level 4 of the Dungeon.
You were not hungry.

You visited 1 branch of the dungeon, and saw 5 of its levels.

You collected 178 gold pieces.

Inventory:

Jewellery
 g - a +3 ring of intelligence (left hand)
Wands
 r - a wand of random effects (32)
Scrolls
 d - a scroll of amnesia
 f - a scroll of enchant armour {unknown}
 k - 3 scrolls of remove curse
 l - 4 scrolls of identify
 q - 4 scrolls of fog
 s - 3 scrolls of teleportation
Potions
 a - 2 potions of ambrosia
 c - a potion of invisibility {unknown}
 e - a potion of magic {unknown}
 h - a potion of flight {unknown}
 i - a potion of might {unknown}
 j - a potion of agility {unknown}
 m - a potion of lignification {unknown}
 o - 2 potions of brilliance {unknown}
 p - 2 potions of heal wounds {unknown}
 t - a potion of curing {unknown}
Comestibles
 b - 9 rations
 n - a chunk of flesh


   Skills:
 - Level 1.8 Dodging
 - Level 1.8 Stealth
 - Level 4.0 Spellcasting
 - Level 6.0 Conjurations
 + Level 1.6 Hexes


You had 6 spell levels left.
You knew the following spells:

 Your Spells              Type           Power        Failure   Level  Hunger
a - Magic Dart            Conj           ####         1%          1    None
b - Searing Ray           Conj           ####..       1%          2    #......
c - Fulminant Prism       Conj/Hex       ###.......   26%         4    ####...

Your spell library contained the following spells:

 Spells                   Type           Power        Failure   Level  Hunger
 Iskenderun's Mystic Bla  Conj           ####....     11%         4    ####...
 Dazzling Spray           Conj/Hex       ###...       8%          3    ###....
 Force Lance              Conj/Tloc      ###.....     36%         4    ####...


Dungeon Overview and Level Annotations

Branches:
Dungeon (5/15)
 Temple: D:4-7

Altars:
Elyvilon
Fedhas
Trog

Annotations:
D:3 Grinder, Sigmund
D:4 Prince Ribbit


Innate Abilities, Weirdness & Mutations

Your plain brown scales are hard. (AC +6)
You cannot fit into any form of body armour.
You are cold-blooded and may be slowed by cold attacks.


Message History

The searing ray misses Prince Ribbit.
The jackal barely misses you.
Prince Ribbit blinks!
The jackal bites you but does no damage.
The jackal barely misses you.
Casting: Searing Ray (safe; 1% risk of failure)
Confirm with . or Enter, or press ? or * to list all spells.
Aiming: Searing Ray (safe; 1% risk of failure)
Press: ? - help, Shift-Dir - straight line, f/p - Prince Ribbit
Aim: Prince Ribbit (moderately wounded)
The searing ray hits Prince Ribbit.
Prince Ribbit is moderately wounded. (Press . to maintain the ray.)
The jackal bites you but does no damage.
The jackal closely misses you. Prince Ribbit hits you!
* * * LOW HITPOINT WARNING * * *
The searing ray hits Prince Ribbit.
Prince Ribbit is heavily wounded.
The jackal bites you but does no damage.
Prince Ribbit hits you!
You die...

......#.#.#.#.#.##
.................#
......#.#.#.#.#.##
........###.....###
.....#............#
..................##
...................##
...............F....#
...............h@...##
.....................##
.(....................#
......................##
.......................##
........................#
........................#
........................#
........................#


You could see Prince Ribbit and a jackal.

Vanquished Creatures
  An ogre (D:4)
  An iguana (D:4)
  2 worker ants
  Robin (D:3)
  3 adders
  2 river rats (D:3)
  An ooze (D:4)
  3 worms (D:4)
  2 dart slugs
  3 leopard geckos
  6 orcs
  4 ball pythons
  5 giant cockroaches
  13 goblins
  5 hobgoblins
  7 jackals (D:1)
  8 kobolds
  4 quokkas
  6 bats
  3 frilled lizards
  11 rats
91 creatures vanquished.

Vanquished Creatures (others)
  A fulminant prism (D:5)
1 creature vanquished.

Grand Total: 92 creatures vanquished

Notes
Turn   | Place    | Note
-------+----------+-------------------------------------------
     0 | D:1      | Faustar the Draconian Conjurer began the quest for the Orb.
     0 | D:1      | Reached XP level 1. HP: 14/14 MP: 3/3
   540 | D:1      | Reached XP level 2. HP: 20/20 MP: 2/5
  1029 | D:1      | Learned a level 2 spell: Searing Ray
  1515 | D:1      | Reached XP level 3. HP: 26/26 MP: 2/7
  2351 | D:2      | Found a white marble altar of Elyvilon.
  2368 | D:2      | Reached XP level 4. HP: 30/33 MP: 3/9
  2775 | D:3      | Noticed Grinder
  2824 | D:3      | Found a blossoming altar of Fedhas.
  3088 | D:3      | Paralysed by Grinder for 2 turns
  3943 | D:3      | Noticed Robin
  3958 | D:3      | Reached XP level 5. HP: 38/38 MP: 2/11
  4131 | D:3      | Killed Robin
  4131 | D:3      | Reached skill level 5 in Conjurations
  4531 | D:3      | Noticed Sigmund
  4774 | D:4      | Learned a level 4 spell: Fulminant Prism
  4997 | D:4      | Noticed an ogre
  5006 | D:4      | Killed an ogre
  5006 | D:4      | Reached skill level 6 in Conjurations
  5006 | D:4      | Reached skill level 1 in Hexes
  5006 | D:4      | Reached XP level 6. HP: 45/45 MP: 3/12
  5413 | D:4      | Noticed a moth of wrath
  5416 | D:4      | Found a bloodstained altar of Trog.
  5652 | D:5      | Entered Level 5 of the Dungeon
  5653 | D:5      | Noticed Prince Ribbit
  5722 | D:4      | Mangled by Prince Ribbit

Vault maps used:
D:1:      dpeg_arrival_ratfight
D:2:      elyvilon_altar_5
D:3:      lemuel_coloured_pillars_altar, portal_sewer_entry_e, first_ration,
          fedhas_altar_1, uniq_sigmund, uniq_grinder, uniq_robin
D:4:      st_stairs_11, minmay_fountain_box, tgw_trog
D:5:      gup_ossuary_entry_pyramid, nicolae_underground_beach, uniq_menkaure,
          uniq_crazy_yiuf_cottage, uniq_prince_ribbit1

Skill      XL: |  1  2  3  4  5 |
---------------+----------------+-----
Spellcasting   | 3 4 |  4.0
Conjurations   | 6 |  6.0
Hexes          | 1 |  1.6
Dodging        | |  1.8
Stealth        | |  1.8

Action                   |  1- 3 |  4- 6 || total
-------------------------+-------+-------++-------
Melee: Unarmed           |    94 |    40 ||   134
       Tailslap          |     8 |     1 ||     9
 Cast: Magic Dart        |    72 |    66 ||   138
       Searing Ray       |     3 |    20 ||    23
       Fulminant Prism   |       |     1 ||     1
  Use: Scroll            |       |     6 ||     6
  Eat: Chunk             |     5 |     8 ||    13
       Ration            |       |     1 ||     1
Armor: Skin              |    47 |    37 ||    84
Dodge: Dodged            |    82 |    69 ||   151

Table legend:
 A = Spawn XP
 B = Non-spawn XP
 C = Spawn XP percentage of total XP
 D = Spawn monster count
 E = Non-spawn monster count
 F = Spawn count percentage of total count
 G = Total turns spent on level
                    A         B        C        D         E        F      G
               +---------+---------+-------+---------+---------+-------+---------
         Total |       0 |     470 |   0.0 |       0 |      91 |   0.0 |  5722
               +---------+---------+-------+---------+---------+-------+---------
           D:1 |       0 |      47 |   0.0 |       0 |      28 |   0.0 |  1691
           D:2 |       0 |      79 |   0.0 |       0 |      20 |   0.0 |  1829
           D:3 |       0 |     103 |   0.0 |       0 |      28 |   0.0 |  1081
           D:4 |       0 |     241 |   0.0 |       0 |      15 |   0.0 |  1109
               +---------+---------+-------+---------+---------+-------+---------
